[Event "Uppsala GM 2019"]
[Site "Uppsala"]
[Date "2019.10.25"]
[Round "1.1"]
[White "Kovalev, Andrei"]
[Black "Peng, Li Min"]
[Result "1/2-1/2"]
[ECO "C01"]
[WhiteElo "2511"]
[BlackElo "2454"]
[Annotator "RC"]
[PlyCount "99"]
[EventDate "2019.10.25"]
[EventType "tourn"]
[EventCountry "SWE"]
[SourceTitle "playchess.com"]
[Source "ChessBase"]
[SourceQuality "1"]
[TimeControl "5400+30"]

1. e4 e6 2. d4 d5 3. exd5 exd5 4. Nf3 Bd6 5. c4 Nf6 6. Nc3 O-O 7. cxd5 Nbd7 8. Bg5 Nb6 9. Be2 Be7 10. Bxf6 Bxf6 11. Qb3 a5 12. a4 Qe7 13. O-O Bf5 14. Rac1 Qb4 15. Qxb4 axb4 16. Nb5 Nxd5 17. Nxc7 Nf4 18. Bc4 Rxa4 19. Rfe1 b3 20. Rc3 Bd8 21. Bxb3 Rb4 22. Bc2 Bg4 23. g3 Bxc7 24. gxf4 Bxf4 25. Re4 Bxf3 26. Rxf4 Bd5 27. Be4 Bxe4 28. Rxe4 Rxb2 29. Rc7 b5 30. Rb7 b4 31. Kg2 b3 32. Re3 Rd2 33. Rexb3 Rxd4 34. Rb8 g5 35. Rxf8+ Kxf8 36. h3 Kg7 37. Rb6 f6 38. Rb7+ Kg6 39. Ra7 h5 40. Ra8 Kf5 41. Ra6 Ke5 42. Ra5+ Kf4 43. Ra6 f5 44. Rh6 h4 45. Rh8 Rd3 46. Rh5 Rd6 47. Rh8 Ke5 48. Rg8 Kf6 49. Rf8+ Kg6 50. Rg8+ 1/2-1/2

[Event "Uppsala GM 2019"]
[Site "Uppsala"]
[Date "2019.10.25"]
[Round "1.4"]
[White "Ernst, Thomas"]
[Black "Kenneskog, Theodor"]
[Result "1/2-1/2"]
[ECO "D97"]
[WhiteElo "2328"]
[BlackElo "2278"]
[Annotator "RC"]
[PlyCount "55"]
[EventDate "2019.10.25"]
[EventType "tourn"]
[EventCountry "SWE"]
[SourceTitle "playchess.com"]
[Source "ChessBase"]
[SourceQuality "1"]
[TimeControl "5400+30"]

1. d4 Nf6 2. c4 g6 3. Nc3 d5 4. Nf3 Bg7 5. Qb3 dxc4 6. Qxc4 O-O 7. e4 a6 8. Be2 b5 9. Qb3 c5 10. dxc5 Be6 11. Qc2 Nbd7 12. Be3 Rc8 13. Rd1 b4 14. Na4 Qa5 15. b3 Ng4 16. Bd4 Bxd4 17. Nxd4 Nxc5 18. Nxe6 Nxe6 19. Qb2 Nf6 20. f3 Nc5 21. Nxc5 Qxc5 22. Qd4 Qxd4 23. Rxd4 Rc1+ 24. Rd1 Rc2 25. Rd2 Rc1+ 26. Rd1 Rc2 27. Rd2 Rc1+ 28. Rd1 1/2-1/2

[Event "Uppsala GM 2019"]
[Site "Uppsala"]
[Date "2019.10.26"]
[Round "2.2"]
[White "Ernst, Thomas"]
[Black "Naumkin, Igor"]
[Result "1-0"]
[ECO "C96"]
[WhiteElo "2328"]
[BlackElo "2385"]
[Annotator "NA"]
[PlyCount "111"]
[EventDate "2019.10.25"]
[EventType "tourn"]
[EventCountry "SWE"]
[SourceTitle "playchess.com"]
[Source "ChessBase"]
[SourceQuality "1"]
[TimeControl "5400+30"]

1. e4 e5 2. Nf3 Nc6 3. Bb5 a6 4. Ba4 Nf6 5. O-O Be7 6. Re1 b5 7. Bb3 d6 8. c3 O-O 9. h3 Na5 10. Bc2 c5 11. d4 Nd7 12. Nbd2 exd4 13. cxd4 Nc6 14. d5 Nce5 15. Nxe5 Nxe5 16. a4 Rb8 17. axb5 axb5 18. f4 Ng6 19. Nf3 Bb7 20. f5 Ne5 21. Nxe5 dxe5 22. Be3 c4 23. Qd2 Qc7 24. Red1 Bc5 {[%emt 0:03:36] [#]} 25. f6 $1 gxf6 26. Rf1 f5 27. Rxf5 f6 28. Raf1 Bxe3+ 29. Qxe3 Qg7 30. R1f3 Kh8 31. Qf2 b4 32. Rxf6 Rxf6 33. Rxf6 b3 34. Bb1 Kg8 35. Qf5 Re8 36. Re6 Rxe6 $2 (36... Rf8 37. Qxe5 Qxe5 38. Rxe5 Ra8) 37. Qxe6+ Kf8 38. d6 Qg5 $18 39. Qxc4 Qe3+ 40. Kf1 Qb6 41. Bd3 Qxd6 42. Qxb3 Qf6+ 43. Ke2 Bc6 44. Qb8+ Kg7 45. Qa7+ Kh6 46. Qe3+ Kg7 47. Qc5 Be8 48. b4 Bh5+ 49. g4 Bg6 50. b5 Qf4 51. Qe3 Qh2+ 52. Kd1 Qb2 53. Qc5 Qh2 54. b6 Qxh3 55. Qxe5+ Kh6 56. g5+ 1-0

[Event "Uppsala GM 2019"]
[Site "Uppsala"]
[Date "2019.10.26"]
[Round "2.4"]
[White "Bogdanov, Egor"]
[Black "Rydstrom, Tom"]
[Result "1-0"]
[ECO "C28"]
[WhiteElo "2409"]
[BlackElo "2322"]
[Annotator "ChessBase"]
[PlyCount "33"]
[EventDate "2019.10.25"]
[EventType "tourn"]
[EventCountry "SWE"]
[SourceTitle "playchess.com"]
[Source "ChessBase"]
[SourceQuality "1"]
[TimeControl "5400+30"]

1. e4 e5 2. Bc4 Nf6 3. d3 Nc6 4. Nc3 Na5 5. Nge2 d6 6. O-O Be7 7. Bb5+ c6 8. Ba4 b5 9. Bb3 O-O 10. f4 Ng4 11. Qe1 Nxb3 12. axb3 f5 13. h3 Qb6+ 14. Kh1 Ne3 15. Bxe3 Qxe3 16. d4 exf4 17. Rf3 1-0

[Event "Uppsala GM 2019"]
[Site "Uppsala"]
[Date "2019.10.26"]
[Round "3.1"]
[White "Naumkin, Igor"]
[Black "Kovalev, Andrei"]
[Result "1/2-1/2"]
[ECO "E92"]
[WhiteElo "2385"]
[BlackElo "2511"]
[Annotator "ChessBase"]
[PlyCount "60"]
[EventDate "2019.10.25"]
[EventType "tourn"]
[EventCountry "SWE"]
[SourceTitle "playchess.com"]
[Source "ChessBase"]
[SourceQuality "1"]
[TimeControl "5400+30"]

1. d4 Nf6 2. c4 g6 3. Nc3 Bg7 4. e4 d6 5. Nf3 O-O 6. Be2 e5 7. dxe5 dxe5 8. Qxd8 Rxd8 9. Bg5 Re8 10. Nd5 Nxd5 11. cxd5 c6 12. Bc4 b5 13. Bb3 a5 14. a4 bxa4 15. Bxa4 Bd7 16. dxc6 Bxc6 17. Bd2 Bxa4 18. Rxa4 Nc6 19. O-O Rab8 20. Bxa5 Rxb2 21. Bc3 Rc2 22. Ba1 Re2 23. Re1 Rxe1+ 24. Nxe1 Rb8 25. Kf1 Rb4 26. Rxb4 Nxb4 27. Ke2 f6 28. Bc3 Nc6 29. f3 h5 30. Nd3 Kf7 1/2-1/2

[Event "Uppsala GM 2019"]
[Site "Uppsala"]
[Date "2019.10.26"]
[Round "3.2"]
[White "Kenneskog, Theodor"]
[Black "Wahlund, Max"]
[Result "1-0"]
[ECO "E11"]
[WhiteElo "2278"]
[BlackElo "2176"]
[Annotator "NA"]
[PlyCount "57"]
[EventDate "2019.10.25"]
[EventType "tourn"]
[EventCountry "SWE"]
[SourceTitle "playchess.com"]
[Source "ChessBase"]
[SourceQuality "1"]
[TimeControl "5400+30"]

1. d4 Nf6 2. c4 e6 3. Nf3 Bb4+ 4. Nbd2 d5 5. a3 Be7 6. e3 O-O 7. b3 c5 8. Bb2 Nc6 9. Bd3 b6 10. h4 Bb7 11. cxd5 exd5 12. Qb1 Re8 13. Kf1 h5 14. Ng5 cxd4 15. exd4 Qc8 16. Bf5 Ba6+ 17. Kg1 Qc7 18. Bh7+ Kf8 19. Bg6 Ng4 20. Nh7+ Kg8 21. Bxh5 Qf4 22. Nf3 Be2 23. Bc1 Qe4 24. Bxf7+ Kxh7 25. Ng5+ Bxg5 26. hxg5+ Nh6 27. g6+ Kh8 28. Bxh6 gxh6 29. Qc1 1-0

[Event "Uppsala GM 2019"]
[Site "Uppsala"]
[Date "2019.10.26"]
[Round "3.4"]
[White "Pavlov, Sergey"]
[Black "Peng, Li Min"]
[Result "1/2-1/2"]
[ECO "E04"]
[WhiteElo "2485"]
[BlackElo "2454"]
[Annotator "ChessBase"]
[PlyCount "60"]
[EventDate "2019.10.25"]
[EventType "tourn"]
[EventCountry "SWE"]
[SourceTitle "playchess.com"]
[Source "ChessBase"]
[SourceQuality "1"]
[TimeControl "5400+30"]

1. d4 Nf6 2. c4 e6 3. Nf3 d5 4. g3 dxc4 5. Bg2 c5 6. O-O Nc6 7. dxc5 Qxd1 8. Rxd1 Bxc5 9. Nbd2 c3 10. bxc3 O-O 11. Nb3 Be7 12. Nfd4 Bd7 13. Nb5 Rac8 14. Ba3 Bxa3 15. Nxa3 Ne5 16. Bxb7 Rxc3 17. Rac1 Rxc1 18. Rxc1 Rb8 19. Na5 Kf8 20. Rc5 Ng6 21. N3c4 Ne8 22. e4 e5 23. Nxe5 Nxe5 24. Rxe5 Nd6 25. Bc6 Be6 26. Nb3 Bxb3 27. axb3 Rxb3 28. Rd5 Ke7 29. Ra5 Nc8 30. Bd5 Rc3 1/2-1/2

[Event "Uppsala GM 2019"]
[Site "Uppsala"]
[Date "2019.10.26"]
[Round "3.5"]
[White "Mirzoev, Emil"]
[Black "Bogdanov, Egor"]
[Result "0-1"]
[ECO "B06"]
[WhiteElo "2455"]
[BlackElo "2409"]
[Annotator "ChessBase"]
[PlyCount "80"]
[EventDate "2019.10.25"]
[EventType "tourn"]
[EventCountry "SWE"]
[SourceTitle "playchess.com"]
[Source "ChessBase"]
[SourceQuality "1"]
[TimeControl "5400+30"]

1. e4 g6 2. d4 Bg7 3. Nc3 c5 4. dxc5 Qa5 5. Bd2 Qxc5 6. Nd5 Na6 7. Bc3 Bxc3+ 8. Nxc3 Nf6 9. Bxa6 bxa6 10. Nf3 Bb7 11. O-O Nxe4 12. Nxe4 Bxe4 13. Re1 Bxf3 14. Qxf3 O-O 15. c3 e6 16. Rad1 d5 17. h4 h5 18. Rd2 Rad8 19. Re5 Kg7 20. Qf4 Qc4 21. Qxc4 dxc4 22. Rxd8 Rxd8 23. Rc5 Rd1+ 24. Kh2 Rd2 25. Rxc4 Rxb2 26. Ra4 Rxf2 27. Rxa6 Rc2 28. Rxa7 Rxc3 29. a4 Ra3 30. a5 e5 31. a6 Kf6 32. Ra8 Kf5 33. Ra7 f6 34. Ra8 e4 35. Ra7 Kf4 36. Ra8 f5 37. a7 Ra1 38. Rg8 Rxa7 39. Rxg6 e3 40. Re6 Ra4 0-1

[Event "Uppsala GM 2019"]
[Site "Uppsala"]
[Date "2019.10.27"]
[Round "4.1"]
[White "Kovalev, Andrei"]
[Black "Wahlund, Max"]
[Result "1-0"]
[ECO "C27"]
[WhiteElo "2511"]
[BlackElo "2176"]
[Annotator "ChessBase"]
[PlyCount "75"]
[EventDate "2019.10.25"]
[EventType "tourn"]
[EventCountry "SWE"]
[SourceTitle "playchess.com"]
[Source "ChessBase"]
[SourceQuality "1"]
[TimeControl "5400+30"]

1. e4 e5 2. Nc3 Nf6 3. Bc4 Bb4 4. Nge2 c6 5. O-O d5 6. exd5 cxd5 7. Bb5+ Nc6 8. d4 e4 9. Bg5 a6 10. Bxf6 Qxf6 11. Nxd5 Qd6 12. Bxc6+ bxc6 13. Nxb4 Qxb4 14. Ng3 Qxb2 15. Nxe4 O-O 16. Qd3 Bf5 17. Nf6+ gxf6 18. Qxf5 Qxd4 19. Rad1 Qe5 20. Qg4+ Qg5 21. Qc4 c5 22. Rd5 Qg6 23. Rxc5 Rfe8 24. Ra5 Rec8 25. Rc5 Re8 26. h4 Re5 27. Rc8+ Rxc8 28. Qxc8+ Kg7 29. Qxa6 Qxc2 30. g3 Re2 31. a4 Qa2 32. a5 Re5 33. Qc8 Qxa5 34. Qg4+ Kh8 35. Kh2 Qd2 36. Qf3 Qd6 37. Ra1 Qd8 38. Ra8 1-0

[Event "Uppsala GM 2019"]
[Site "Uppsala"]
[Date "2019.10.27"]
[Round "4.2"]
[White "Naumkin, Igor"]
[Black "Rydstrom, Tom"]
[Result "1-0"]
[ECO "D46"]
[WhiteElo "2385"]
[BlackElo "2322"]
[Annotator "NA"]
[PlyCount "87"]
[EventDate "2019.10.25"]
[EventType "tourn"]
[EventCountry "SWE"]
[SourceTitle "playchess.com"]
[Source "ChessBase"]
[SourceQuality "1"]
[TimeControl "5400+30"]

1. d4 Nf6 2. c4 e6 3. Nf3 d5 4. Nc3 c6 5. e3 Nbd7 6. Qc2 Bd6 7. Bd3 O-O 8. O-O Qe7 9. c5 Bc7 10. e4 e5 11. exd5 cxd5 12. Bg5 e4 13. Nxd5 Nxd5 14. Bxe7 exd3 15. Qc4 Nxe7 16. d5 Ne5 17. Nxe5 Bxe5 18. Rae1 Bf6 19. Qxd3 Bd7 20. Qb3 Rab8 21. Re4 Rfc8 22. Rc1 Bg5 23. f4 Bf6 24. Rb4 b6 25. c6 h5 26. Rbc4 Be8 27. Qd3 b5 28. R4c2 Rb6 29. d6 Rbxc6 30. dxe7 Rxc2 31. Rxc2 Rxc2 32. Qxc2 Bxe7 33. Qe2 Bc5+ 34. Kf1 Bd7 35. Qxh5 Bb6 36. Qd5 Be8 37. f5 Kf8 38. g4 f6 39. a3 Ke7 40. Qe6+ Kf8 41. h4 Bc7 42. g5 Bd8 43. g6 a5 44. h5 1-0

[Event "Uppsala GM 2019"]
[Site "Uppsala"]
[Date "2019.10.27"]
[Round "4.3"]
[White "Peng, Li Min"]
[Black "Kenneskog, Theodor"]
[Result "1-0"]
[ECO "B22"]
[WhiteElo "2454"]
[BlackElo "2278"]
[Annotator "ChessBase"]
[PlyCount "81"]
[EventDate "2019.10.25"]
[EventType "tourn"]
[EventCountry "SWE"]
[SourceTitle "playchess.com"]
[Source "ChessBase"]
[SourceQuality "1"]
[TimeControl "5400+30"]

1. e4 c5 2. c3 d5 3. exd5 Qxd5 4. d4 Nf6 5. Nf3 Nc6 6. Be2 e6 7. O-O Be7 8. Be3 O-O 9. dxc5 Qxd1 10. Rxd1 Ng4 11. b4 Nxe3 12. fxe3 a5 13. b5 Nb8 14. Nbd2 Bxc5 15. Kf2 Nd7 16. Ne4 b6 17. Nd4 Bb7 18. Bf3 Bxd4 19. exd4 Bd5 20. Nd2 Nf6 21. c4 Bxf3 22. Kxf3 Rac8 23. Rac1 Rfe8 24. Ne4 Nxe4 25. Kxe4 Kf8 26. c5 Rb8 27. c6 Rbc8 28. Rd2 g6 29. c7 Ke7 30. Rc6 Kd7 31. Rdc2 f6 32. h4 a4 33. R2c4 h6 34. Rxb6 Rxc7 35. Rxa4 e5 36. d5 f5+ 37. Ke3 g5 38. Rxh6 Rc3+ 39. Kd2 Rg3 40. Ra7+ Kc8 41. Ra8+ 1-0

[Event "Uppsala GM 2019"]
[Site "Uppsala"]
[Date "2019.10.27"]
[Round "4.4"]
[White "Ernst, Thomas"]
[Black "Mirzoev, Emil"]
[Result "1-0"]
[ECO "D31"]
[WhiteElo "2328"]
[BlackElo "2455"]
[Annotator "ChessBase"]
[PlyCount "93"]
[EventDate "2019.10.25"]
[EventType "tourn"]
[EventCountry "SWE"]
[SourceTitle "playchess.com"]
[Source "ChessBase"]
[SourceQuality "1"]
[TimeControl "5400+30"]

1. c4 e6 2. Nc3 d5 3. cxd5 exd5 4. d4 c6 5. Nf3 Bd6 6. g3 h6 7. Bg2 Nf6 8. O-O O-O 9. Ne5 Ng4 10. e4 Bxe5 11. dxe5 d4 12. Ne2 d3 13. Nc3 Nxe5 14. h3 Na6 15. Kh2 Nc4 16. b3 d2 17. bxc4 dxc1=Q 18. Rxc1 Be6 19. Ne2 Qa5 20. Qc2 Rfd8 21. Nf4 Rd2 22. Qb1 Nc5 23. Nxe6 fxe6 24. Rcd1 Rad8 25. Rxd2 Rxd2 26. e5 Qxa2 27. Qg6 Rxf2 28. Rxf2 Qxf2 29. Qe8+ Kh7 30. Qe7 a5 31. g4 Qf4+ 32. Kh1 Qxe5 33. h4 Nd3 34. h5 Nf2+ 35. Kg1 Qe1+ 36. Kh2 Nxg4+ 37. Kh3 Nf2+ 38. Kg3 Ne4+ 39. Kf4 Nf6 40. Qf7 Qf2+ 41. Bf3 Qh4+ 42. Ke3 Qg5+ 43. Ke2 Ng4 44. Be4+ Qf5 45. Bxf5+ exf5 46. Qxf5+ Kh8 47. Qxg4 1-0

[Event "Uppsala GM 2019"]
[Site "Uppsala"]
[Date "2019.10.27"]
[Round "4.5"]
[White "Bogdanov, Egor"]
[Black "Pavlov, Sergey"]
[Result "1-0"]
[ECO "B12"]
[WhiteElo "2409"]
[BlackElo "2485"]
[Annotator "ChessBase"]
[PlyCount "165"]
[EventDate "2019.10.25"]
[EventType "tourn"]
[EventCountry "SWE"]
[SourceTitle "playchess.com"]
[Source "ChessBase"]
[SourceQuality "1"]
[TimeControl "5400+30"]

1. e4 c6 2. d4 d5 3. e5 c5 4. dxc5 Nc6 5. a3 e6 6. Nf3 Bxc5 7. b4 Bb6 8. Bd3 Nge7 9. O-O O-O 10. Bb2 Ng6 11. Re1 f6 12. exf6 gxf6 13. c4 Nf4 14. Bf1 dxc4 15. Bxc4 Qxd1 16. Rxd1 Kg7 17. Nc3 a6 18. Ne4 e5 19. Bc1 Be6 20. Bxe6 Nxe6 21. Nd6 Rab8 22. Be3 Bxe3 23. fxe3 Ne7 24. Rac1 Rfd8 25. Kf2 b5 26. Ne4 Rxd1 27. Rxd1 Rd8 28. Rxd8 Nxd8 29. Nc5 a5 30. bxa5 Ndc6 31. a6 Nc8 32. Nd2 Kf7 33. Nde4 Ke7 34. Nc3 N8a7 35. N5e4 Ke6 36. Ke2 Na5 37. Nd2 N5c6 38. Na2 Kd5 39. Kd3 Kc5 40. Ne4+ Kb6 41. Nxf6 Kxa6 42. Nc3 Kb6 43. Nxh7 Nc8 44. Nf6 Nd6 45. Nfd5+ Kb7 46. h4 Nf5 47. h5 Ka6 48. g4 Ng7 49. Nc7+ Ka5 50. N7xb5 Ne7 51. Ke4 Kb6 52. Kxe5 Kc5 53. Kf6 Nd5+ 54. Nxd5 Ne8+ 55. Ke7 Ng7 56. Nbc3 Kc4 57. h6 Ne6 58. Kxe6 Kd3 59. h7 Kd2 60. g5 Kc2 61. e4 Kb3 62. e5 Kxa3 63. g6 Kb3 64. Kf6 Kc4 65. e6 Kc5 66. Ne3 Kd4 67. Ncd1 Kc5 68. g7 Kd6 69. g8=Q Kc5 70. Qd8 Kc6 71. Qd5+ Kc7 72. Qd7+ Kb6 73. Nc3 Kc5 74. Qd5+ Kb4 75. Qc4+ Ka3 76. Nb1+ Kb2 77. Qc2+ Ka1 78. Qc1 Ka2 79. Nc4 Kb3 80. Qc3+ Ka4 81. e7 Kb5 82. e8=Q+ Kc5 83. Qee5+ 1-0

[Event "Uppsala GM 2019"]
[Site "Uppsala"]
[Date "2019.10.28"]
[Round "5.2"]
[White "Wahlund, Max"]
[Black "Peng, Li Min"]
[Result "0-1"]
[ECO "E46"]
[WhiteElo "2176"]
[BlackElo "2454"]
[Annotator "ChessBase"]
[PlyCount "58"]
[EventDate "2019.10.25"]
[EventType "tourn"]
[EventCountry "SWE"]
[SourceTitle "playchess.com"]
[Source "ChessBase"]
[SourceQuality "1"]
[TimeControl "5400+30"]

1. d4 Nf6 2. c4 e6 3. Nc3 Bb4 4. e3 O-O 5. Nge2 d5 6. a3 Bd6 7. cxd5 exd5 8. Ng3 c5 9. Be2 cxd4 10. exd4 Nc6 11. b4 a6 12. O-O b5 13. Bg5 Be6 14. f4 h6 15. Bh4 Be7 16. f5 Bd7 17. Kh1 Qb8 18. Qd2 Rd8 19. Rad1 Qd6 20. Bf3 Nh7 21. f6 Bxf6 22. Bxd5 Bxh4 23. Nge4 Qc7 24. Rxf7 Kh8 25. Be6 Ng5 26. Nxg5 Bxg5 27. Qd3 Ne7 28. Nd5 Qd6 29. Nxe7 Bxe6 0-1

[Event "Uppsala GM 2019"]
[Site "Uppsala"]
[Date "2019.10.28"]
[Round "5.4"]
[White "Kenneskog, Theodor"]
[Black "Bogdanov, Egor"]
[Result "1/2-1/2"]
[ECO "E84"]
[WhiteElo "2278"]
[BlackElo "2409"]
[Annotator "NA"]
[PlyCount "62"]
[EventDate "2019.10.25"]
[EventType "tourn"]
[EventCountry "SWE"]
[SourceTitle "playchess.com"]
[Source "ChessBase"]
[SourceQuality "1"]
[TimeControl "5400+30"]

1. d4 Nf6 2. c4 g6 3. Nc3 Bg7 4. e4 O-O 5. f3 d6 6. Nge2 Nc6 7. Be3 a6 8. Qd2 Rb8 9. Rc1 Bd7 10. b3 e6 {[%emt 0:00:49] E84: King's Indian: Sämisch Panno: 7 Nge2 a6 8 Qd2 Rb8} 11. g3 Ne8 $146 ({Predecessor:} 11... b5 12. cxb5 axb5 13. Bg2 e5 14. O-O exd4 15. Nxd4 Nxd4 16. Bxd4 c5 17. Bf2 b4 18. Ne2 {1-0 (45) Kovalenko,I (2586)-Goganov,A (2550) Moscow 2013}) 12. Bg2 f5 13. d5 Ne5 14. exf5 exf5 15. O-O Nf6 16. Nd4 Re8 17. Rfe1 Qc8 18. h3 c5 19. dxc6 $1 bxc6 20. f4 Nf7 21. Bf2 Qc7 22. Rxe8+ Rxe8 23. Re1 Qc8 24. Rxe8+ Qxe8 25. Qe1 Qxe1+ 26. Bxe1 d5 27. cxd5 Nxd5 28. Nde2 Nb4 29. Bf2 $11 Bf8 30. Nc1 Nd6 31. Bc5 Nb7 1/2-1/2

[Event "Uppsala GM 2019"]
[Site "Uppsala"]
[Date "2019.10.28"]
[Round "6.1"]
[White "Ernst, Thomas"]
[Black "Kovalev, Andrei"]
[Result "1/2-1/2"]
[ECO "B42"]
[WhiteElo "2328"]
[BlackElo "2511"]
[Annotator "RC"]
[PlyCount "68"]
[EventDate "2019.10.25"]
[EventType "tourn"]
[EventCountry "SWE"]
[SourceTitle "playchess.com"]
[Source "ChessBase"]
[SourceQuality "1"]
[TimeControl "5400+30"]

1. e4 c5 2. Nf3 e6 3. d4 cxd4 4. Nxd4 a6 5. Bd3 Nf6 6. O-O e5 7. Nf3 d6 8. c4 Bg4 9. Nc3 Nc6 10. Be3 Be7 11. h3 Bh5 12. Nd5 Rc8 13. Re1 O-O 14. Rc1 Nd7 15. g4 Bg6 16. b4 Nf6 17. Qd2 h5 18. Nxf6+ Bxf6 19. g5 Be7 20. a3 Nd4 21. Bxd4 exd4 22. Kh2 b5 23. cxb5 Rxc1 24. Qxc1 axb5 25. Bxb5 d5 26. e5 Be4 27. Nxd4 Bxg5 28. f4 Bh4 29. Rf1 Qb6 30. Qc5 Qg6 31. Rg1 Qh6 32. Rf1 Qg6 33. Rg1 Qh6 34. Rf1 Qg6 1/2-1/2

[Event "Uppsala GM 2019"]
[Site "Uppsala"]
[Date "2019.10.29"]
[Round "7.1"]
[White "Mirzoev, Emil"]
[Black "Kovalev, Andrei"]
[Result "*"]
[ECO "C91"]
[WhiteElo "2455"]
[BlackElo "2511"]
[Annotator "RC"]
[PlyCount "42"]
[EventDate "2019.10.25"]
[EventType "tourn"]
[EventCountry "SWE"]
[SourceTitle "playchess.com"]
[Source "ChessBase"]
[SourceQuality "1"]
[TimeControl "5400+30"]

1. e4 e5 2. Nf3 Nc6 3. Bb5 a6 4. Ba4 Nf6 5. O-O Be7 6. Re1 b5 7. Bb3 d6 8. c3 O-O 9. d4 Bg4 10. Be3 exd4 11. cxd4 Na5 12. Bc2 c5 13. h3 Bh5 14. g4 Bg6 15. Nbd2 Re8 16. d5 Nd7 17. Nh2 Bf6 18. Rb1 Nc4 19. Nxc4 bxc4 20. Bf4 Bd4 21. Nf3 Ne5 *

[Event "Uppsala GM 2019"]
[Site "Uppsala"]
[Date "2019.10.29"]
[Round "7.2"]
[White "Peng, Li Min"]
[Black "Bogdanov, Egor"]
[Result "0-1"]
[ECO "A48"]
[WhiteElo "2454"]
[BlackElo "2409"]
[Annotator "ChessBase"]
[PlyCount "70"]
[EventDate "2019.10.25"]
[EventType "tourn"]
[EventCountry "SWE"]
[SourceTitle "playchess.com"]
[Source "ChessBase"]
[SourceQuality "1"]
[TimeControl "5400+30"]

1. d4 Nf6 2. Nf3 g6 3. Bg5 Bg7 4. Nbd2 O-O 5. e4 d6 6. c3 c5 7. dxc5 dxc5 8. Bc4 Nc6 9. O-O Qc7 10. Qe2 Na5 11. Bd3 h6 12. Bxf6 exf6 13. Nc4 Nxc4 14. Bxc4 f5 15. exf5 Bxf5 16. Rfe1 Bf6 17. Bd3 Bd7 18. Rad1 Kg7 19. Nd2 Rfe8 20. Qf3 Be5 21. h3 f5 22. Bc4 Bc6 23. Bd5 Bh2+ 24. Kf1 Rxe1+ 25. Rxe1 Bxd5 26. Qxd5 Rd8 27. Qf3 Rxd2 28. g3 f4 29. g4 Rxb2 30. Re6 Qd7 31. Re5 Qb5+ 32. c4 Qxc4+ 33. Kg2 Bg3 34. Re7+ Kf6 35. Re4 Rxf2+ 0-1

[Event "Uppsala GM 2019"]
[Site "Uppsala"]
[Date "2019.10.29"]
[Round "7.4"]
[White "Wahlund, Max"]
[Black "Ernst, Thomas"]
[Result "1/2-1/2"]
[ECO "D27"]
[WhiteElo "2176"]
[BlackElo "2328"]
[Annotator "ChessBase"]
[PlyCount "99"]
[EventDate "2019.10.25"]
[EventType "tourn"]
[EventCountry "SWE"]
[SourceTitle "playchess.com"]
[Source "ChessBase"]
[SourceQuality "1"]
[TimeControl "5400+30"]

1. d4 Nf6 2. c4 e6 3. a3 d5 4. e3 dxc4 5. Bxc4 a6 6. Nf3 b5 7. Ba2 c5 8. O-O Bb7 9. dxc5 Qxd1 10. Rxd1 Bxc5 11. b4 Be7 12. Bb2 Nbd7 13. Nbd2 O-O 14. Nb3 Rac8 15. Nbd4 Rfd8 16. Rac1 Rxc1 17. Rxc1 Rc8 18. Rxc8+ Bxc8 19. Nc6 Bd6 20. Bd4 Kf8 21. Nfe5 Nxe5 22. Nxe5 Nd7 23. Nxd7+ Bxd7 24. f4 f5 25. Kf2 g6 26. Bb3 Ke7 27. Bd1 Bc6 28. Bf3 Kd7 29. Ke2 Be4 30. Bxe4 fxe4 31. Kd2 Kc6 32. Kc3 Kd5 33. Bg7 Bc7 34. Bd4 g5 35. g3 gxf4 36. gxf4 h5 37. Bc5 a5 38. h3 a4 39. Bd4 Bd8 40. Bc5 Bf6+ 41. Kc2 Kc4 42. Bb6 Kd5 43. Ba7 Kc6 44. Bb8 Kd5 45. Ba7 Bh4 46. Kc3 Be1+ 47. Kc2 Kc4 48. Bd4 Bg3 49. Be5 Bh2 50. Bc3 1/2-1/2

[Event "Uppsala GM 2019"]
[Site "Uppsala"]
[Date "2019.10.29"]
[Round "7.5"]
[White "Kenneskog, Theodor"]
[Black "Naumkin, Igor"]
[Result "0-1"]
[ECO "E14"]
[WhiteElo "2278"]
[BlackElo "2385"]
[Annotator "ChessBase"]
[PlyCount "76"]
[EventDate "2019.10.25"]
[EventType "tourn"]
[EventCountry "SWE"]
[SourceTitle "playchess.com"]
[Source "ChessBase"]
[SourceQuality "1"]
[TimeControl "5400+30"]

1. d4 Nf6 2. c4 e6 3. Nf3 Bb4+ 4. Nbd2 O-O 5. a3 Bxd2+ 6. Qxd2 b6 7. e3 Bb7 8. Be2 d6 9. O-O Nbd7 10. b4 Qe7 11. Bb2 Ne4 12. Qc2 f5 13. d5 c5 14. dxc6 Bxc6 15. Nd4 Bb7 16. f3 Ng5 17. Rad1 a6 18. Qd2 Rad8 19. Nb3 Nf6 20. Qd4 b5 21. cxb5 axb5 22. Bxb5 Qf7 23. Na5 Bd5 24. h4 e5 25. Qd3 Nxf3+ 26. gxf3 Qg6+ 27. Kh1 Qg3 28. Qe2 Rc8 29. Ba4 Ba8 30. Rxd6 Ne4 31. Rdd1 f4 32. Bb3+ Kh8 33. Bxe5 fxe3 34. Qxe3 Qxh4+ 35. Kg2 Rf5 36. Bxg7+ Kxg7 37. Rd7+ Kf8 38. f4 Qg4+ 0-1

[Event "Uppsala GM 2019"]
[Site "Uppsala"]
[Date "2019.10.30"]
[Round "8.1"]
[White "Kovalev, Andrei"]
[Black "Bogdanov, Egor"]
[Result "1/2-1/2"]
[ECO "D79"]
[WhiteElo "2511"]
[BlackElo "2409"]
[Annotator "ChessBase"]
[PlyCount "67"]
[EventDate "2019.10.25"]
[EventType "tourn"]
[EventCountry "SWE"]
[SourceTitle "playchess.com"]
[Source "ChessBase"]
[SourceQuality "1"]
[TimeControl "5400+30"]

1. Nf3 Nf6 2. g3 g6 3. Bg2 Bg7 4. O-O O-O 5. d4 d5 6. c4 c6 7. cxd5 cxd5 8. Nc3 Ne4 9. Nxe4 dxe4 10. Ne5 Nd7 11. Nxd7 Bxd7 12. Bxe4 Bh3 13. Bxb7 Rb8 14. Bg2 Bxg2 15. Kxg2 Bxd4 16. e4 Bxb2 17. Bh6 Bxa1 18. Qxa1 f6 19. Bxf8 Kxf8 20. Rd1 Qa5 21. Rd5 Qb4 22. Qd4 Qxd4 23. Rxd4 Rb6 24. Ra4 a6 25. Ra5 Kf7 26. Kf3 h5 27. h4 Ke6 28. Ke3 Kd6 29. f4 e5 30. fxe5+ fxe5 31. Rd5+ Ke6 32. Ra5 Kd6 33. Rd5+ Ke6 34. Ra5 1/2-1/2

[Event "Uppsala GM 2019"]
[Site "Uppsala"]
[Date "2019.10.30"]
[Round "8.2"]
[White "Mirzoev, Emil"]
[Black "Pavlov, Sergey"]
[Result "1/2-1/2"]
[ECO "E20"]
[WhiteElo "2455"]
[BlackElo "2485"]
[Annotator "ChessBase"]
[PlyCount "41"]
[EventDate "2019.10.25"]
[EventType "tourn"]
[EventCountry "SWE"]
[SourceTitle "playchess.com"]
[Source "ChessBase"]
[SourceQuality "1"]
[TimeControl "5400+30"]

1. d4 Nf6 2. c4 e6 3. Nc3 Bb4 4. f3 c5 5. d5 O-O 6. e4 b5 7. e5 exd5 8. exf6 d4 9. a3 Ba5 10. b4 dxc3 11. bxa5 Re8+ 12. Kf2 Qxf6 13. Qd5 c2 14. Ra2 Bb7 15. Qxb7 Qd4+ 16. Kg3 Qe5+ 17. Kh3 Qh5+ 18. Kg3 Qe5+ 19. Kh3 Qh5+ 20. Kg3 Qe5+ 21. Kh3 1/2-1/2